 Dungeon Crawl Stone Soup version 0.30-b1-2-g02819fbbbe (webtiles) character file.

Game seed: 10523113513326735257

75 Alarkh the Trooper (level 4, -4/37 HPs)
             Began as a Demonspawn Artificer on Nov 24, 2023.
             Killed from afar by an orc wizard (7 damage)
             ... with a puff of flame
             ... on level 3 of the Dungeon.
             The game lasted 00:01:44 (1584 turns).

Alarkh the Trooper (Demonspawn Artificer)           Turns: 1584, Time: 00:01:45

Health: -4/37      AC:  3    Str: 12    XL:     4   Next: 11%
Magic:  4/4        EV: 11    Int: 15    God:
Gold:   81         SH:  0    Dex: 13    Spells: 3/3 levels left

rFire   . . .        a - +0 short sword
rCold   + . .        (no shield)
rNeg    . . .        b - +0 leather armour
rPois   .            (no helmet)
rElec   .            (no cloak)
rCorr   .            (no gloves)
SInv    +            (no boots)
Will    .....        (no amulet)
Stlth   +            f - ring of protection from cold
HPRegen 0.26/turn    j - ring of see invisible
MPRegen 0.09/turn

%: no passive effects
@: no status effects
A: powered by death 1, spiny 1
a: no special abilities


You were on level 3 of the Dungeon.
You visited 1 branch of the dungeon, and saw 3 of its levels.

You collected 81 gold pieces.

Inventory:

Hand Weapons
 a - a +0 short sword (weapon)
Armour
 b - a +0 leather armour (worn)
Jewellery
 f - a ring of protection from cold (left hand)
 i - a ring of resist corrosion
 j - a ring of see invisible (right hand)
 q - a ring of positive energy
Wands
 c - a wand of flame (14) (quivered)
 d - a wand of charming (15)
 e - a wand of iceblast (5)
Scrolls
 g - a scroll of fear
 l - a scroll of butterflies {unknown}
 o - a scroll of poison {unknown}
 p - a scroll of identify {unknown}
 r - a scroll of immolation {unknown}
Potions
 h - a potion of curing {unknown}
 k - a potion of might {unknown}
 m - a potion of magic {unknown}
 n - a potion of heal wounds {unknown}
 s - a potion of experience {unknown}
 t - a potion of degeneration {unknown}


   Skills:
 + Level 4.0 Fighting
 - Level 1.7 Armour
 - Level 0.8 Dodging
 - Level 0.8 Stealth
 - Level 3.0 Evocations


You had 3 spell levels left.
You didn't know any spells.
Your spell library contained the following spells:

 Spells                   Type           Power      Damage    Failure   Level
 Static Discharge         Conj/Air       0%         2-2/arc   45%         2
 Airstrike                Air            0%         2d(0-16)  98%         4
 Summon Lightning Spire   Summ/Air       0%         N/A       98%         4


Dungeon Overview and Level Annotations

Branches:
Dungeon (3/15)

Altars:


Innate Abilities, Weirdness & Mutations

You regenerate a little health from kills.
You are partially covered in sharp spines.


Message History

The orc is struck by your spines. The orc barely misses you.
The orc wizard hits you with a +0 dagger.
You hit the orc.
The orc is severely wounded.
The orc is struck by your spines.
You kill the orc!
The orc wizard gestures at you while chanting.
The puff of flame hits you!
You are too injured to fight recklessly!
You are too injured to fight recklessly!
You are too injured to fight recklessly!
You hit the orc wizard.
The orc wizard is moderately wounded.
The orc wizard hits you with a +0 dagger.
You hit the orc wizard but do no damage.
The orc wizard is moderately wounded.
The orc wizard hits you with a +0 dagger.
You closely miss the orc wizard.
The orc wizard is moderately wounded.
The orc wizard is struck by your spines.
The orc wizard barely misses you.
You closely miss the orc wizard.
The orc wizard is heavily wounded.
The orc wizard points at you and mumbles some strange words.
The puff of flame hits you!
* * * LOW HITPOINT WARNING * * *
Okay, then.
You closely miss the orc wizard.
The orc wizard is heavily wounded.
The orc wizard is struck by your spines.
The orc wizard closely misses you.
You closely miss the orc wizard.
The orc wizard is heavily wounded.
The orc wizard hits you with a +0 dagger.
* * * LOW HITPOINT WARNING * * *
You hit the orc wizard.
The orc wizard is severely wounded.
The orc wizard gestures at you while chanting.
The puff of flame hits you!
You die...

###.######
#...?....#
#........#.#
#.....†....# #.<##
. #######.$.#..#
#............#
#........#...#
#...)@.......#
.......)o..#.....
###...........###.
#...........#
#........#...
#........###.
........)#
.#######(## #..<#


You could see an orc wizard.

Vanquished Creatures
  An adder (D:2)
  A worm (D:2)
  2 dart slugs
  5 orcs
  5 ball pythons
  4 bats
  7 endoplasms
  2 giant cockroaches
  4 goblins
  4 hobgoblins
  8 kobolds
  2 quokkas
  3 frilled lizards
  4 rats
52 creatures vanquished.

Notes
Turn   | Place    | Note
-------+----------+-------------------------------------------
     0 | D:1      | Alarkh the Demonspawn Artificer began the quest for the
                  | Orb.
     0 | D:1      | Reached XP level 1. HP: 15/15 MP: 1/1
    84 | D:1      | Reached skill level 2 in Fighting
   160 | D:1      | Gained mutation: You are partially covered in sharp spines.
                  | [demonic ancestry]
   160 | D:1      | Reached XP level 2. HP: 14/22 MP: 2/2
   704 | D:2      | Reached skill level 3 in Fighting
   753 | D:2      | Gained mutation: You regenerate a little health from kills.
                  | [demonic ancestry]
   753 | D:2      | Reached XP level 3. HP: 21/29 MP: 3/3
   937 | D:2      | Found a faded altar of an unknown god.
  1520 | D:2      | Reached XP level 4. HP: 37/37 MP: 4/4
  1575 | D:3      | Reached skill level 4 in Fighting
  1584 | D:3      | Killed from afar by an orc wizard

Illustrated notes

Levels and vault maps discovered:
D:1:      dpeg_arrival_windows_large_door, layout_basic, minmay_octomino_e4
D:2:      layout_basic, hellmonk_ecumenical_altar_leap_of_faith
D:3:      layout_rooms, mainiacjoe_overflow_24_doors, old_standard_altar,
          okawaru_metal_pillars_1_2, nicolae_uskayaw_suspiria,
          minmay_misc_feat_ornament

Skill      XL: |  1  2  3  4 |
---------------+-------------+-----
Fighting       | 2 3 4 |  4.0
Armour         | |  1.7
Dodging        | |  0.8
Stealth        | |  0.8
Evocations     | |  3.0

Action                     |  1- 3 |  4- 6 || total
---------------------------+-------+-------++-------
  Melee: Short sword       |   114 |    16 ||   130
         Club              |    11 |       ||    11
         Punch             |     3 |       ||     3
  Evoke: Wand              |     1 |       ||     1
    Use: Scroll            |     1 |       ||     1
   Stab: Sleeping          |     2 |       ||     2
 Armour: Leather armour    |    28 |       ||    28
  Dodge: Dodged            |    55 |     8 ||    63
